 Dungeon Crawl Stone Soup version 0.32-a0-616-g9348d4545b (webtiles) character file.

Game seed: 14146520239499368360

1653 cforsyth the Scholar of Death (level 8, 0/74 HPs)
             Began as a Mountain Dwarf Necromancer on Mar 5, 2024.
             Was a Follower of Kikubaaqudgha.
             Slain by a two-headed ogre
             ... wielding a +0 giant club
              (12 damage)
             ... on level 6 of the Dungeon.
             The game lasted 00:15:41 (7689 turns).

cforsyth the Scholar of Death (MDNe)                Turns: 7689, Time: 00:15:42

Health: 0/74       AC: 12    Str: 12    XL:     8   Next: 68%
Magic:  13/19      EV:  6    Int: 17    God:    Kikubaaqudgha [*.....]
Gold:   1565       SH:  0    Dex: 16    Spells: 5/10 levels left

rFire   . . .        a - +2 war axe (vamp)
rCold   . . .        (no shield)
rNeg    . . .        f - +0 chain mail
rPois   .            (no helmet)
rElec   .            g - +0 cloak
rCorr   .            o - +0 pair of gloves
SInv    .            u - +1 pair of boots
Will    .....        (no amulet) Stlth
                     D - +6 ring of dexterity
HPRegen 0.32/turn    M - ring of magical power
MPRegen 0.16/turn

%: no passive effects
@: no status effects
A: runic magic, artefact enchanting
a: Renounce Religion, Unearth Wretches


You were on level 6 of the Dungeon.
You worshipped Kikubaaqudgha.
Kikubaaqudgha was aware of your devotion.
You visited 2 branches of the dungeon, and saw 7 of its levels.
You also visited: Sewer.

You collected 1565 gold pieces.


Innate Abilities, Weirdness & Mutations

Your spellcasting is much less encumbered by armour.
You can use scrolls of enchantment on lesser artefacts.


   Skills:
 + Level 8.3 Fighting
 + Level 1.5 Axes
 + Level 1.4 Armour
 - Level 1.3 Dodging
 - Level 1.4 Stealth
 - Level 1.7 Spellcasting
 + Level 9.5 Necromancy


You had 5 spell levels left.
You knew the following spells:

 Your Spells              Type           Power      Damage    Failure   Level
a - Animate Dead          Necr           33%        N/A       9%          4
X - Necrotise             Necr           100%       1d9       1%          1

Your spell library contained the following spells:

 Spells                   Type           Power      Damage    Failure   Level
 Vampiric Draining        Necr           33%        2d8       2%          3
 Kiss of Death            Conj/Necr      68%        2d10      6%          1
 Cigotuvi's Dreadful Rot  Necr/Alch/Air  24%        N/A       19%         2
 Curse of Agony           Necr           33%        N/A       26%         5

Inventory:

Hand Weapons
 a - a +2 vampiric war axe (weapon)
 k - a +2 whip of flaming
Missiles
 p - a throwing net {=f}
Armour
 f - a +0 chain mail (worn)
 g - a +0 cloak (worn)
 o - a +0 pair of gloves (worn)
 u - a +1 pair of boots (worn)
Jewellery
 C - a ring of protection from cold
 D - a +6 ring of dexterity (left hand)
 M - a ring of magical power (right hand)
Wands
 w - a wand of mindburst (13)
Scrolls
 d - 2 scrolls of teleportation {@r2}
 j - 2 scrolls of fear
 n - 2 scrolls of enchant weapon
 x - a scroll of poison
 y - a scroll of blinking
Potions
 b - a potion of magic
 c - 4 potions of mutation {unknown}
 e - 3 potions of attraction
 h - 2 potions of brilliance {unknown}
 i - a potion of might {unknown}
 l - 3 potions of cancellation {unknown}
 m - a potion of enlightenment {unknown}
 q - 2 potions of degeneration {unknown}
 s - a potion of resistance {unknown}
 t - a potion of haste {unknown}
 v - a potion of ambrosia {unknown}

Dungeon Overview and Level Annotations

Branches:
Dungeon (6/15)             Temple (1/1) D:5           Sewer (visited)

Altars:
Ashenzari
Cheibriados
Dithmenos
Fedhas
Gozag
Hepliaklqana
Kikubaaqudgha
Makhleb
Nemelex Xobeh
Okawaru
Qazlal
Ru
Sif Muna
Trog
Vehumet
Wu Jian
Xom
Yredelemnul
Zin
The Shining One

▓..▓............
▓..▓...(........
▓▓▓▓▓
▓..▓......▓▓▓▓▓.
▓....
▓..▓......▓...▓.
▓....
▓..'......'...[▓
▓....
▓..▓......▓....▓
▓....
▓..▓......▓▓▓▓▓▓
▓...O▓▓..▓......▓
▓....@...▓......▓
▓........▓......▓
▓........▓......▓
▓▓▓▓▓▓▓▓.▓......▓
▓▓▓▓▓▓▓▓▓▓


You could see a two-headed ogre.


Message History

Unknown command.
Unknown command.
Casting: Necrotise (safe; 1% risk of failure)
Confirm with . or Enter, or press ? or * to list all spells.
Aiming: Necrotise (safe; 1% risk of failure)
Press: ? - help, Shift-Dir - straight line, f/p - two-headed ogre
Aim: a two-headed ogre, wielding two +0 giant clubs (severely wounded, chance to affect: 70%)
The two-headed ogre writhes in agony!
Unknown command.
Unknown command.
Casting: Necrotise (safe; 1% risk of failure)
Confirm with . or Enter, or press ? or * to list all spells.
Aiming: Necrotise (safe; 1% risk of failure)
Press: ? - help, Shift-Dir - straight line, f/p - two-headed ogre
Aim: a two-headed ogre, wielding two +0 giant clubs (almost dead, chance to affect: 70%)
The two-headed ogre struggles to resist.
The two-headed ogre hits you with a +0 giant club!!
* * * LOW HITPOINT WARNING * * *
The two-headed ogre hits you with a +0 giant club.
* * * LOW HITPOINT WARNING * * *
Unknown command.
Casting: Necrotise (safe; 1% risk of failure)
Confirm with . or Enter, or press ? or * to list all spells.
Aiming: Necrotise (safe; 1% risk of failure)
Press: ? - help, Shift-Dir - straight line, f/p - two-headed ogre
Aim: a two-headed ogre, wielding two +0 giant clubs (almost dead, chance to affect: 70%)
The two-headed ogre writhes in agony.
The two-headed ogre hits you with a +0 giant club!
You die...
Kikubaaqudgha rasps: You have failed me!
Welcome... death!

Skill      XL: |  1  2  3  4  5  6  7  8 |
---------------+-------------------------+-----
Fighting       | 1 2 3 4 5 7 8 |  8.3
Necromancy     | 5 6 7 8 9 |  9.5
Axes           | 1 |  1.5
Armour         | 1 |  1.4
Dodging        | |  1.3
Stealth        | |  1.4
Spellcasting   | |  1.7

Action                     |  1- 3 |  4- 6 |  7- 9 || total
---------------------------+-------+-------+-------++-------
  Melee: Spear             |    29 |    90 |    92 ||   211
         Unarmed           |     5 |       |       ||     5
         Whip              |       |       |    12 ||    12
         War axe           |       |       |     6 ||     6
   Cast: Necrotise         |    49 |    73 |   129 ||   251
         Animate Dead      |       |     2 |       ||     2
    Use: Potion            |     1 |     2 |       ||     3
         Scroll            |     2 |     4 |     3 ||     9
   Stab: Sleeping          |     1 |     1 |       ||     2
         Distracted        |       |       |     1 ||     1
 Armour: Ring mail         |    28 |    68 |       ||    96
         Robe              |     2 |       |       ||     2
         Chain mail        |       |   124 |   185 ||   309
  Dodge: Dodged            |    22 |    48 |    52 ||   122

Levels and vault maps discovered:
D:1:      psy_arrival_terrarium, layout_basic,
          shapermc_ecumenical_altar_starsandcircs
D:2:      minmay_chambers_of_ones, layout_rooms, basic_altar,
          minmay_misc_feat_tower, glass_columns_a
D:3:      layout_loops_ring, regret_index_temple_of_mockery,
          okawaru_ov_weapons_minmay, zin_scriptorium, portal_sewer_entry_e
D:4:      layout_loops_ring, mainiacjoe_overflow_brackets, minivault_4,
          minivault_14, minivault_11, dk_vineyard_1, grunt_ministairs_1
D:5:      layout_loops_ring, minmay_temple_entry_arrows, minmay_splitting_lines
D:6:      layout_gridville, mainiacjoe_overflow_cross_hatched,
          old_standard_altar
Temple:   dpeg_chambers_temple

Notes
Turn   | Place    | Note
-------+----------+-------------------------------------------
     0 | D:1      | cforsyth the Mountain Dwarf Necromancer began the quest for
                  | the Orb.
     0 | D:1      | Reached XP level 1. HP: 14/14 MP: 3/3
   144 | D:1      | Found a faded altar of an unknown god.
   819 | D:2      | Found a glowing silver altar of Zin.
   883 | D:2      | HP: 1/15 [poisoned by an adder]
   888 | D:2      | Reached skill level 1 in Fighting
   888 | D:2      | Reached XP level 2. HP: 14/23 MP: 0/4
  1352 | D:2      | Reached skill level 2 in Fighting
  1362 | D:2      | Reached skill level 5 in Necromancy
  1362 | D:2      | Reached XP level 3. HP: 28/29 MP: 1/5
  1807 | D:3      | Found a hazy altar of Hepliaklqana.
  1808 | D:3      | Found a shimmering altar of Xom.
  1809 | D:3      | Noticed a spectral ugly thing
  1908 | D:3      | Reached XP level 4. HP: 21/37 MP: 0/6
  2000 | D:3      | Found an iron altar of Okawaru.
  2275 | D:3      | Found a glowing drain.
  2281 | Sewer    | Entered a sewer
  2282 | Sewer    | Upgraded the game from 0.32-a0-612-g1c984fe9d1 to
                  | 0.32-a0-616-g9348d4545b
  2329 | Sewer    | Reached skill level 3 in Fighting
  2572 | Sewer    | Learned a level 4 spell: Animate Dead
  3034 | Sewer    | Reached XP level 5. HP: 45/45 MP: 1/7
  3127 | Sewer    | Reached skill level 6 in Necromancy
  3320 | Sewer    | Reached skill level 4 in Fighting
  3331 | Sewer    | Reached XP level 6. HP: 17/53 MP: 1/8
  3953 | D:3      | Found a glowing silver altar of Zin.
  4103 | D:4      | Reached skill level 5 in Fighting
  4103 | D:4      | Reached skill level 7 in Necromancy
  4282 | D:4      | Found a snail-covered altar of Cheibriados.
  4550 | D:4      | Reached XP level 7. HP: 48/62 MP: 2/9
  5357 | D:5      | Entered Level 5 of the Dungeon
  5497 | D:5      | Found a staircase to the Ecumenical Temple.
  5507 | D:5      | Reached skill level 6 in Fighting
  5593 | Temple   | Entered the Ecumenical Temple
  5615 | Temple   | Became a worshipper of Kikubaaqudgha
  5977 | D:5      | Reached skill level 8 in Necromancy
  6485 | D:6      | Identified a scroll of acquirement
  6485 | D:6      | Acquired 1326 gold pieces
  6539 | D:6      | Found an opulent altar of Gozag.
  6554 | D:6      | Reached skill level 7 in Fighting
  6554 | D:6      | Reached XP level 8. HP: 73/73 MP: 5/10
  6954 | D:6      | Reached skill level 9 in Necromancy
  7159 | D:6      | Reached skill level 8 in Fighting
  7502 | D:6      | Reached * piety under Kikubaaqudgha
  7502 | D:6      | Received a gift from Kikubaaqudgha
  7503 | D:6      | Reached skill level 1 in Axes
  7624 | D:6      | Reached skill level 1 in Armour
  7680 | D:6      | Noticed a two-headed ogre
  7689 | D:6      | Slain by a two-headed ogre

Vanquished Creatures
  2 black bears (D:6)
  A sky beast (D:6)
  An ogre (D:5)
  A centaur (D:6)
  2 phantoms
  3 bullfrogs
  4 scorpions
  A howler monkey (D:6)
  2 bombardier beetles
  An orc priest (D:4)
  A hound (D:4)
  2 jellies (D:5)
  A gnoll bouda (D:5)
  3 iguanas
  An orc wizard (D:5)
  3 river rats (Sewer)
  5 adders
  8 gnolls
  A white imp (D:5)
  18 orcs
  17 ball pythons
  4 endoplasms
  2 giant cockroaches (D:4)
  7 hobgoblins
  6 jackals
  A quokka (D:4)
  4 bats
  5 frilled lizards
  2 goblins
  3 kobolds
  15 rats
127 creatures vanquished.

Vanquished Creatures (collateral kills)
  2 adders (Sewer)
  A dart slug (D:3)
  An orc (D:6)
  A frilled lizard (Sewer)
  8 rats (Sewer)
13 creatures vanquished.

Vanquished Creatures (others)
  2 ball python zombies (Sewer)
2 creatures vanquished.

Grand Total: 142 creatures vanquished

Table legend: (Time is in decaauts)
 A = Elapsed time spent in this place.
 B = Non-inter-level travel time spent in this place.
 C = Inter-level travel time spent in this place.
 D = Time resting spent in this place.
 E = Time spent auto-exploring this place.
 F = Levels seen in this place.
 G = Mean time per level.
                   A        B        C        D        E       F      G
               +--------+--------+--------+--------+--------+-----+--------+
         Total |   7750 |   7552 |    198 |   1314 |   4638 |   8 |  968.8 |
       Dungeon |   6263 |   6086 |    177 |    268 |   4591 |   6 | 1043.8 |
        Temple |     43 |     22 |     21 |      0 |      0 |   1 |   43.0 |
         Sewer |   1442 |   1442 |      0 |   1046 |     47 |   1 | 1442.0 |
               +--------+--------+--------+--------+--------+-----+--------+

Top non-repeatable levels by time:
   Sewer: 1442 daAuts
     D:4: 1380 daAuts
     D:6: 1189 daAuts
     D:5: 1110 daAuts
     D:2: 923 daAuts
     D:3: 841 daAuts
     D:1: 818 daAuts
  Temple: 43 daAuts

Table legend:
 A = Non-vault XP
 B = Vault XP
 C = Vault XP percentage of total XP
 D = Non-vault monster count
 E = Vault monster count
 F = Vault count percentage of total count
                 A         B        C        D         E       F
            +---------+---------+-------+---------+---------+-------
      Total |    1940 |     422 |  17.9 |      91 |      49 |  35.0
            +---------+---------+-------+---------+---------+-------
        D:1 |       5 |       0 |   0.0 |       5 |       0 |   0.0
        D:2 |      25 |      19 |  43.2 |      14 |       5 |  26.3
        D:3 |      67 |       0 |   0.0 |      12 |       0 |   0.0
        D:4 |     375 |      84 |  18.3 |      20 |       2 |   9.1
        D:5 |     429 |       0 |   0.0 |      14 |       0 |   0.0
        D:6 |    1039 |       0 |   0.0 |      26 |       0 |   0.0
      Sewer |       0 |     319 | 100.0 |       0 |      42 | 100.0
            +---------+---------+-------+---------+---------+-------
